 Dungeon Crawl Stone Soup version 0.27.1-34-g3ba077fa99 (webtiles) character file.

Game seed: 1906344577432152220

79 cbfl8 the Sneak (level 4, 0/40 HPs)
             Began as a Minotaur Delver on Jan 16, 2022.
             Constricted to death by a ball python (1 damage)
             ... on level 4 of the Dungeon.
             The game lasted 00:02:07 (754 turns).

cbfl8 the Sneak (Minotaur Delver)                    Turns: 754, Time: 00:02:08

Health: 0/40       AC:  3    Str: 16    XL:     4   Next: 16%
Magic:  3/3        EV:  9    Int:  8    God:
Gold:   15         SH:  0    Dex: 18    Spells: 3/3 levels left

rFire    . . .     SeeInvis .   a - +0 hand axe
rCold    . . .     Faith    .   (no shield)
rNeg     . . .     Spirit   .   b - +0 leather armour
rPois    .         Reflect  .   (helmet restricted)
rElec    .         Harm     .   (no cloak)
rCorr    .         Rampage  .   (no gloves)
Will     .....                  (no boots)
Stlth    +++.......             (no amulet)
HPRegen  0.13/turn              l - +6 ring of dexterity
MPRegen  0.08/turn              (no ring)

@: flying, constricted
A: horns 2, retaliatory headbutt
a: no special abilities


You were on level 4 of the Dungeon.
You visited 1 branch of the dungeon, and saw 2 of its levels.

You collected 15 gold pieces.

Inventory:

Hand Weapons
 a - a +0 hand axe (weapon)
Missiles
 h - 3 boomerangs (quivered)
 k - 15 arrows
Armour
 b - a +0 leather armour (worn)
Jewellery
 l - a +6 ring of dexterity (left hand)
Wands
 g - a wand of digging (3)
Scrolls
 c - a scroll of fog
 d - a scroll of magic mapping
 j - a scroll of noise
Potions
 i - a potion of berserk rage {unknown}


   Skills:
 + Level 4.0 Fighting
 + Level 3.0 Axes
 + Level 1.5 Armour
 + Level 2.4 Dodging
 + Level 4.9 Stealth


You had 3 spell levels left.
You didn't know any spells.
Your spell library contained the following spells:

 Spells                   Type           Power      Damage    Failure   Level
 Portal Projectile        Hex/Tloc       0%         N/A       85%         3
 Blade Hands              Tmut           0%         N/A       100%        5
 Excruciating Wounds      Necr           0%         N/A       100%        5


Dungeon Overview and Level Annotations

Branches:
Dungeon (5/15)
 Temple: D:4-7

Altars:
The Shining One

Shops:
D:5 =?


Innate Abilities, Weirdness & Mutations

You have a pair of horns on your head.
You reflexively headbutt those who attack you in melee.


Message History

The water moccasin zombie bites you.
* * * LOW HITPOINT WARNING * * *
The water moccasin zombie bites you.
* * * LOW HITPOINT WARNING * * *
You climb upwards.
The ball python barely misses you. You furiously retaliate!
You headbutt the ball python. The ball python grabs you.
The ball python constricts you.
* * * LOW HITPOINT WARNING * * *
The gnoll hits you from afar with a +0 halberd.
* * * LOW HITPOINT WARNING * * *
The ball python barely misses you. The ball python constricts you.
The gnoll barely misses you.
There is a stone staircase leading down here.
As you read the scroll of fear, it crumbles to dust.
You assume a fearsome visage.
The gnoll looks frightened!
The ball python looks frightened!
The ball python loses its grip on you.
It was a potion of flight.
You feel very buoyant.
You fly up into the air.
Cornered, the ball python turns to fight!
Cornered, the gnoll turns to fight!
Things that are here:
a +0 whip; a gnoll corpse The ball python bites you.
* * * LOW HITPOINT WARNING * * *
The ball python misses you.
A gnoll comes into view. It is wielding a +0 club.
The ball python misses you. You furiously retaliate!
You headbutt the ball python, but do no damage.
The ball python grabs you. The ball python constricts you.
* * * LOW HITPOINT WARNING * * *
You hit the ball python. Your headbutt misses the ball python.
The ball python is heavily wounded.
The ball python barely misses you. The ball python constricts you.
You closely miss the ball python.
The ball python is heavily wounded.
You hit the gnoll but do no damage. The ball python bites you.
* * * LOW HITPOINT WARNING * * *
The ball python constricts you.
You die...

# ###.#####
........######
.........)g))#
##..###g####.#
...####.####.#
.......Sg..#g#
#..####@#....#
#........
###..#..#
..#g.. .# # .#
g #.


You could see 3 gnolls and a ball python.

Vanquished Creatures
  A water moccasin skeleton (D:5)
  3 gnolls (D:4)
  A worm (D:5)
5 creatures vanquished.

Notes
Turn   | Place    | Note
-------+----------+-------------------------------------------
     0 | D:5      | cbfl8 the Minotaur Delver began the quest for the Orb.
     0 | D:5      | Reached XP level 1. HP: 19/19 MP: 0/0
    27 | D:5      | Found Timaikep's Jewellery Shoppe.
   362 | D:5      | Found a glowing golden altar of the Shining One.
   402 | D:5      | Found Juuk's Magic Scroll Emporium.
   437 | D:5      | Reached skill level 1 in Armour
   437 | D:5      | Reached XP level 2. HP: 10/27 MP: 1/1
   437 | D:5      | Reached XP level 3. HP: 12/33 MP: 2/2
   735 | D:4      | Reached XP level 4. HP: 19/40 MP: 3/3
   752 | D:4      | HP: 2/40 [constriction (1)]
   754 | D:4      | Constricted to death by a ball python

Illustrated notes

Levels and vault maps discovered:
D:4:      layout_basic, nicolae_ru_great_annihilating_truth,
          minmay_temple_entry_water_ring
D:5:      minmay_octagon_keep, layout_rooms, makhleb_heckhound_becter,
          nicolae_tso_swordbearing_angel, serial_shops, shop_scrolls,
          kennysheep_mini, nicolae_stop_n_shop_1

Skill      XL: |  1  2  3  4 |
---------------+-------------+-----
Armour         | 1 |  1.5
Axes           | 3 |  3.0
Fighting       | 4 |  4.0
Dodging        | |  2.4
Stealth        | |  4.9

Action                   |  1- 3 |  4- 6 || total
-------------------------+-------+-------++-------
Melee: Hand axe          |    22 |     5 ||    27
       Headbutt          |     4 |       ||     4
  Use: Scroll            |     1 |     1 ||     2
       Potion            |     1 |     1 ||     2
 Stab: Sleeping          |     1 |       ||     1
Armor: Leather armour    |     5 |       ||     5
Dodge: Dodged            |    15 |     9 ||    24
